AoeStats
← Reis

African Clearing

506831054Analyzed
4v4 RM · 18d ago on Sep 15, 2026· 24m 0s· 8 players
Game mode
Random Map
Map size
Large (8 player)
Population
200
Speed
Normal
Resources
Standard
Victory
Conquest
Starting age
Dark Age
Ending age
Imperial Age
RankedLock teamsTeams togetherTeam positionsShared explorationLock speedFull tech treeHidden civsTurbo modeCheats
Victory
Defeat
🇺🇾 Poles · Uruguay
1384
+16
🇨🇿 Dravidians · Czechia
1346
+18
🇨🇭 Bulgarians · Switzerland
1310
+19
🇭🇰 Bohemians · Hong Kong SAR China
1308
+19
🇨🇳 Spanish · China
1475
-21
🇨🇳 Huns · China
1400
-19
🇨🇳 Gurjaras · China
1395
-18
🇨🇳 Berbers · China
1280
-14
种田微户
7:51 Loom
13:39 Feudal Age
18:05 Castle Age
16:26 Double-Bit Axe
17:46 Scale Barding Armor
19:45 Light Cavalry
run
3:52 Loom
13:37 Feudal Age
17:15 Castle Age
15:39 Double-Bit Axe
16:33 Bloodlines
17:39 Fletching
17:44 Gold Mining
19:59 Bow Saw
20:20 Town Watch
22:03 Bodkin Arrow
22:59 Husbandry
Cat
5:48 Loom
13:19 Feudal Age
17:54 Castle Age
16:10 Horse Collar
17:51 Double-Bit Axe
18:23 Bloodlines
20:19 Scale Barding Armor
21:39 Forging
22:36 Husbandry
劳力天尊
6:24 Loom
14:57 Feudal Age
15:06 Feudal Age
18:57 Castle Age
16:55 Double-Bit Axe
18:49 Bloodlines
18:40 Padded Archer Armor
20:49 Wheelbarrow
19:58 Horse Collar
Reis
6:48 Loom
13:21 Feudal Age
19:38 Castle Age
19:24 Double-Bit Axe
23:17 Bow Saw
Panchi
11:47 Loom
14:06 Feudal Age
15:51 Double-Bit Axe
18:28 Castle Age
19:35 Bow Saw
20:01 Town Watch
polom.s1989
6:30 Loom
14:04 Feudal Age
16:03 Double-Bit Axe
18:52 Castle Age
17:55 Fishing Lines
23:58 Town Watch
Gordo Tetovich
4:19 Loom
15:13 Feudal Age
26:31 Castle Age
Connection lost

Rejoining the realm…

Still unreachable

The connection could not be restored.

Session expired

The server has moved on; the page needs a fresh start.